 Dungeon Crawl Stone Soup version 0.29.1-15-g9cfb28693d (webtiles) character file.

Game seed: 8104677419155058829

4765 Ijustatesigmund the Thaumaturge (level 10, -3/52 HPs)
             Began as a Deep Elf Conjurer on Feb 28, 2023.
             Slain by a two-headed ogre
             ... wielding a +0 giant club
              (23 damage)
             ... on level 8 of the Dungeon.
             The game lasted 00:26:14 (11577 turns).

Ijustatesigmund the Thaumaturge (DECj)             Turns: 11577, Time: 00:26:16

Health: -3/52      AC:  8    Str:  4    XL:     10   Next: 23%
Magic:  17/25      EV: 12    Int: 28    God:
Gold:   450        SH:  0    Dex: 13    Spells: 12/28 levels left

rFire   . . .      SeeInvis .   s - +1 shortbow
rCold   . . .      Faith    .   (shield currently unavailable)
rNeg    . . .      Spirit   .   a - +0 robe
rPois   .          Reflect  .   (no helmet)
rElec   .          Harm     .   (no cloak)
rCorr   .          Rampage  .   w - +0 pair of gloves
Will    +....                   f - +0 pair of boots
Stlth   ++........              r - amulet of the acrobat
HPRegen 0.17/turn               l - +4 ring of protection
MPRegen 0.19/turn               (no ring)

@: no status effects
A: no striking features
a: no special abilities


You were on level 8 of the Dungeon.
You visited 2 branches of the dungeon, and saw 10 of its levels.

You collected 450 gold pieces.

Inventory:

Hand Weapons
 c - a +0 long sword of electrocution
 s - a +1 shortbow (weapon)
Armour
 a - a +0 robe (worn)
 f - a +0 pair of boots (worn)
 w - a +0 pair of gloves (worn)
Magical Staves
 x - a staff of earth
Jewellery
 l - a +4 ring of protection (left hand)
 r - an amulet of the acrobat (around neck)
 u - an amulet of faith
Wands
 b - a wand of charming (21)
 k - a wand of flame (10)
 o - a wand of iceblast (4)
 A - a wand of digging (5)
Scrolls
 j - 2 scrolls of teleportation
 n - 4 scrolls of enchant weapon
 p - a scroll of blinking
 y - a scroll of immolation
 z - a scroll of summoning {unknown}
 B - a scroll of identify
 C - a scroll of enchant armour {unknown}
Potions
 d - a potion of flight
 e - 3 potions of lignification
 g - 2 potions of curing
 h - 2 potions of ambrosia
 i - 5 potions of heal wounds
 m - a potion of cancellation {unknown}
 q - 2 potions of brilliance
 t - 3 potions of berserk rage {unknown}
 v - a potion of haste {unknown}


   Skills:
 - Level 1.1 Fighting
 - Level 6.2 Ranged Weapons
 - Level 2.4 Dodging
 - Level 2.4 Stealth
 + Level 9.6 Spellcasting
 + Level 8.9 Conjurations
 + Level 5.9 Necromancy
 + Level 8.4 Translocations
 + Level 1.9 Ice Magic
 - Level 3.2 Evocations


You had 12 spell levels left.
You knew the following spells:

 Your Spells              Type           Power      Damage    Failure   Level
a - Magic Dart            Conj           100%       1d8       1%          1
b - Searing Ray           Conj           100%       2d8       1%          2
c - Iskenderun's Mystic   Conj/Tloc      58%        2d12      1%          4
d - Apportation           Tloc           100%       N/A       1%          1
e - Borgnjor's Vile Clut  Necr/Erth      15%        N/A       34%         5
f - Frozen Ramparts       Ice            48%        1d8       5%          3

Your spell library contained the following spells:

 Spells                   Type           Power      Damage    Failure   Level
 Necrotise                Necr           100%       1d9       1%          1
 Dazzling Flash           Conj/Hex       76%        N/A       1%          3
 Gell's Gravitas          Tloc           57%        N/A       1%          3
 Teleport Other           Tloc           57%        N/A       1%          3
 Sting                    Tmut/Pois      52%        1d5       4%          1
 Summon Small Mammal      Summ           52%        N/A       4%          1
 Poisonous Vapours        Pois/Air       26%        N/A       6%          2
 Fulminant Prism          Conj/Hex       19%        3d11      7%          4
 Dispersal                Tloc           28%        N/A       21%         6
 Freezing Cloud           Conj/Ice/Air   16%        6-21      26%         5
 Ice Form                 Ice/Tmut       19%        N/A       28%         4
 Summon Ice Beast         Ice/Summ       19%        N/A       28%         4
 Olgreb's Toxic Radiance  Pois           13%        N/A       38%         4
 Alistair's Intoxication  Tmut/Pois      8%         N/A       75%         5
 Simulacrum               Ice/Necr       17%        N/A       77%         6
 Eringya's Noxious Bog    Tmut/Pois      6%         N/A       99%         6
 Polar Vortex             Ice            12%        N/A       100%        9


Dungeon Overview and Level Annotations

Branches:
Dungeon (9/15)             Temple (1/1) D:7
   Lair: D:8-11         Orc: D:9-12

Altars:
Ashenzari
Cheibriados
Dithmenos
Elyvilon
Fedhas
Gozag
Hepliaklqana
Kikubaaqudgha
Makhleb
Nemelex Xobeh
Okawaru
Qazlal
Ru
Sif Muna
Trog
Uskayaw
Wu Jian
Xom
Yredelemnul
Zin
The Shining One

Annotations:
D:4 2 transporters, Heoruswealwe's ghost, amateur KoHu
D:6 3 runed translucent doors, ripuliukko's ghost, novice GrEE


Message History

The kobold brigand hits you with a +0 dagger.
The kobold misses you.
You are too injured to fight recklessly!
Casting: Iskenderun's Mystic Blast (dangerous; 1% risk of failure)
Confirm with . or Enter, or press ? or * to list all spells.
You erupt in a blast of force!
The mystic blast hits the kobold brigand!
You kill the kobold brigand!
The mystic blast hits the kobold.
You kill the kobold!
You feel yourself speed up.
You start resting.
Magic restored.
You start resting.
HP restored.
Search for what [Enter for "veh", or ? for help]? veh Can't find anything matching that.
Unknown command.
Found a dagger.
Items here: (( )) †.
A centaur comes into view.
The centaur shouts!
You hear two shouts!
The centaur wields a +0 shortbow.
The centaur shoots an arrow.
The arrow hits you.
The centaur shoots an arrow.
The arrow misses you.
The centaur shoots an arrow.
The arrow closely misses you.
A two-headed ogre comes into view.
It is wielding a +0 giant club and a +0 giant spiked club.
The centaur shoots an arrow.
The arrow misses you.
The centaur shoots an arrow.
The arrow hits you!
Casting: Iskenderun's Mystic Blast (dangerous; 1% risk of failure)
Confirm with . or Enter, or press ? or * to list all spells.
You erupt in a blast of force!
The mystic blast hits the centaur!!
You kill the centaur!
Casting: Iskenderun's Mystic Blast (dangerous; 1% risk of failure)
Confirm with . or Enter, or press ? or * to list all spells.
You erupt in a blast of force!
The mystic blast hits the two-headed ogre!
The two-headed ogre is moderately wounded.
The two-headed ogre hits you with a +0 giant club!!
The two-headed ogre hits you with a +0 giant spiked club!!
You die...

###...###...###.............
##..#.###....##.............
##..#.......###......##.....
.....##...>..#.......#......
#...........###.....#......
##...........###........
.............###........
...............#....##..
##..............@..##
.#........#...#.O#......
................)#......
........................
........................
.................##O...#
.#................ ....
.#.###............
.....#..........


You could see a two-headed ogre.

Vanquished Creatures
  A hydra (D:8)
  Joseph (D:7)
  Grinder (D:6)
  Sigmund (D:2)
  A steam dragon (D:7)
  A water moccasin (D:5)
  An orc warrior (D:5)
  A sky beast (D:8)
  3 black bears
  An ice beast (D:6)
  2 centaurs
  3 ogres
  3 phantoms
  Blork the orc (D:6)
  2 bullfrogs (D:7)
  3 kobold brigands
  4 scorpions
  5 wights (D:7)
  A howler monkey (D:5)
  6 electric eels (D:7)
  6 hounds
  5 orc priests
  Jessica (D:3)
  6 iguanas
  6 orc wizards
  8 adders
  A shadow imp (D:6)
  3 white imps
  4 worms
  5 dart slugs
  35 orcs
  4 endoplasms
  7 giant cockroaches
  9 goblins
  2 hobgoblins
  21 kobolds
  3 quokkas
  6 ball pythons
  8 bats
  2 frilled lizards
  9 rats
193 creatures vanquished.

Vanquished Creatures (others)
  A kobold (D:7)
  33 plants
  6 withered plants (D:4)
40 creatures vanquished.

Grand Total: 233 creatures vanquished

Notes
Turn   | Place    | Note
-------+----------+-------------------------------------------
     0 | D:1      | Ijustatesigmund the Deep Elf Conjurer began the quest for
                  | the Orb.
     0 | D:1      | Reached XP level 1. HP: 10/10 MP: 6/6
   387 | D:1      | Reached XP level 2. HP: 15/15 MP: 3/8
   390 | D:1      | Learned a level 2 spell: Searing Ray
   863 | D:1      | Found a faded altar of an unknown god.
  1199 | D:2      | Noticed Sigmund
  1208 | D:2      | Reached skill level 4 in Spellcasting
  1266 | D:2      | Killed Sigmund
  1267 | D:2      | Reached skill level 5 in Spellcasting
  1267 | D:2      | Reached XP level 3. HP: 4/19 MP: 7/12
  1267 | D:2      | Reached XP level 4. HP: 6/24 MP: 7/13
  1267 | D:2      | Reached XP level 5. HP: 7/28 MP: 8/15
  1532 | D:2      | Learned a level 4 spell: Iskenderun's Mystic Blast
  1534 | D:2      | Learned a level 1 spell: Apportation
  2184 | D:2      | Reached skill level 1 in Translocations
  2305 | D:2      | Reached skill level 1 in Fighting
  2515 | D:3      | Found a sacrificial altar of Ru.
  3007 | D:3      | Found an iron altar of Okawaru.
  3160 | D:3      | Noticed Jessica
  3162 | D:3      | Killed Jessica
  3163 | D:3      | Reached XP level 6. HP: 34/34 MP: 13/16
  3205 | D:3      | Reached skill level 1 in Evocations
  3650 | D:4      | Found a blossoming altar of Fedhas.
  3650 | D:4      | Found an ancient bone altar of Kikubaaqudgha.
  3972 | D:4      | Found a white marble altar of Elyvilon.
  4325 | D:4      | Found a transporter.
  4326 | D:4      | Noticed Heoruswealwe's ghost (amateur KoHu)
  4327 | D:4      | Found a transporter.
  4444 | D:4      | Reached XP level 7. HP: 38/38 MP: 11/17
  4834 | D:5      | Entered Level 5 of the Dungeon
  5200 | D:5      | Reached skill level 5 in Translocations
  5319 | D:5      | Found a hazy altar of Hepliaklqana.
  5358 | D:5      | Found a burning altar of Makhleb.
  5465 | D:5      | Reached skill level 6 in Spellcasting
  5469 | D:5      | Reached XP level 8. HP: 41/43 MP: 8/19
  6104 | D:6      | Reached skill level 7 in Spellcasting
  6187 | D:6      | Noticed Grinder
  6190 | D:6      | Found a basalt altar of Yredelemnul.
  6191 | D:6      | Noticed Blork the orc
  6465 | D:6      | Found a runed translucent gate.
  6465 | D:6      | Noticed ripuliukko's ghost (novice GrEE)
  6472 | D:6      | Found a runed translucent gate.
  6472 | D:6      | Found a runed translucent gate.
  6678 | D:6      | Killed Grinder
  6679 | D:6      | Reached skill level 8 in Spellcasting
  6867 | D:6      | Killed Blork the orc
  6868 | D:6      | Reached XP level 9. HP: 47/47 MP: 15/23
  7017 | D:6      | Found an opulent altar of Gozag.
  7044 | D:6      | Found a glowing silver altar of Zin.
  7149 | D:6      | Reached skill level 5 in Ranged Weapons
  7578 | D:6      | Learned a level 5 spell: Borgnjor's Vile Clutch
  8089 | D:7      | Reached skill level 1 in Necromancy
  9079 | D:7      | Noticed Joseph
  9092 | D:7      | Killed Joseph
  9274 | D:7      | Found a staircase to the Ecumenical Temple.
  9283 | Temple   | Entered the Ecumenical Temple
  9529 | D:7      | Reached skill level 9 in Spellcasting
  9542 | D:7      | Reached skill level 5 in Necromancy
 10232 | D:8      | Found a shadowy altar of Dithmenos.
 10773 | D:8      | Learned a level 3 spell: Frozen Ramparts
 10828 | D:8      | Noticed a four-headed hydra
 10829 | D:8      | Reached XP level 10. HP: 32/52 MP: 18/25
 11053 | D:8      | Killed a four-headed hydra
 11054 | D:8      | Reached skill level 1 in Ice Magic
 11306 | D:8      | Found a shimmering blue altar of Sif Muna.
 11572 | D:8      | Noticed a two-headed ogre
 11577 | D:8      | Slain by a two-headed ogre

Illustrated notes

Levels and vault maps discovered:
D:1:      scummos_arrival_simple_fountains, layout_basic,
          shapermc_ecumenical_altar_acropolis
D:2:      minmay_chambers_of_twos, layout_basic, kennysheep_pointless_box,
          uniq_sigmund
D:3:      layout_loops_corners, mainiacjoe_overflow_paths,
          nicolae_ru_awakened_eye, uniq_jessica
D:4:      layout_basic, overflow_temple_1_default,
          grunt_temple_overflow_growth_and_decay, gammafunk_ghost_smash,
          minmay_fractal_squares_diagonal_5
D:5:      layout_basic, nicolae_hepliaklqana_hazy_memory, general_overflow_altar
D:6:      layout_basic, pdpol_temple_overflow_zin_treasury_gozag_greed,
          lemuel_tele_altar, biasface_ghost_orc_armoury, item_on_display_a,
          uniq_grinder, uniq_blork_the_orc
D:7:      layout_loops_ring, lemuel_temple_firewalk_b, serial_bayou,
          serial_bayou_pond_d, serial_bayou_crossing, serial_bayou_pond_d,
          serial_bayou_lagoon_b, chequers_serial_rivers_micro_c,
          chequers_arboretum, uniq_joseph
D:8:      layout_cave_pools, mainiacjoe_overflow_surrounded_room,
          lemuel_crystal_altar
D:9:      layout_stronghold, vehumet_crystals, uniq_harold
Temple:   chequers_temple_sunken

Skill      XL: |  1  2  3  4  5  6  7  8  9 10 |
---------------+-------------------------------+-----
Spellcasting   | 5 6 8 9 |  9.6
Conjurations   | 6 7 8 |  8.9
Translocations | 2 3 5 7 8 |  8.4
Fighting       | 1 |  1.1
Evocations     | 3 |  3.2
Ranged Weapons | 4 6 |  6.2
Necromancy     | 5 |  5.9
Ice Magic      | 1 |  1.9
Dodging        | |  2.4
Stealth        | |  2.4

Action                   |  1- 3 |  4- 6 |  7- 9 | 10-12 || total
-------------------------+-------+-------+-------+-------++-------
Melee: Long sword        |     3 |     5 |       |       ||     8
       Punch             |     1 |       |       |       ||     1
 Fire: Shortbow          |       |       |   181 |    31 ||   212
 Cast: Magic Dart        |    31 |    99 |     5 |       ||   135
       Searing Ray       |     3 |    14 |    20 |       ||    37
       Iskenderun's Myst |       |     1 |    65 |     7 ||    73
Evoke: Wand              |       |       |    14 |     3 ||    17
  Use: Scroll            |     3 |     6 |     7 |       ||    16
       Potion            |     1 |       |     1 |       ||     2
 Stab: Sleeping          |     1 |       |       |       ||     1
Armor: Robe              |     3 |     3 |    17 |     5 ||    28
Dodge: Dodged            |    11 |    13 |    60 |    16 ||   100
